 Dungeon Crawl Stone Soup version 0.26-a0-649-gf8c6c3aab7 (webtiles) character file.

Game seed: 14446589856458174220

30 brujo666 the Sneak (level 3, -9/29 HPs)
             Began as a Demonspawn Delver on Sept 26, 2020.
             Mangled by a wight
             ... wielding a cursed +3 great sword of freezing
              (10 damage)
             ... on level 6 of the Dungeon.
             The game lasted 00:01:02 (71 turns).

brujo666 the Sneak (Demonspawn Delver)                Turns: 71, Time: 00:01:02

Health: -9/29      AC:  3    Str: 13    XL:     3   Next: 5%
Magic:  0/3        EV: 12    Int: 11    God:
Gold:   23         SH:  0    Dex: 14    Spells: 2/2 levels left

rFire    . . .     SeeInvis .   a - +0 falchion
rCold    . . .     Faith    .   (no shield)
rNeg     . . .     Spirit   +   b - +0 leather armour
rPois    .         Reflect  .   (no helmet)
rElec    .         Harm     .   (no cloak)
rCorr    .         Rampage  .   (no gloves)
MR       .....                  (no boots)
Stlth    +++.......             (no amulet)
HPRegen  0.09/turn              (no ring)
MPRegen  0.08/turn              (no ring)

@: lightly drained
A: claws 1, magic shield
a: no special abilities


You were on level 6 of the Dungeon.
You visited 1 branch of the dungeon, and saw 2 of its levels.

You collected 23 gold pieces.

Inventory:

Hand Weapons
 a - a +0 falchion (weapon)
Armour
 b - a +0 leather armour (worn)
Wands
 g - a wand of digging (3)
Scrolls
 c - a scroll of fog
Potions
 f - a potion of haste


   Skills:
 + Level 3.2(2.9) Fighting
 + Level 1.9(1.7) Long Blades
 + Level 1.8(1.6) Dodging
 + Level 5.2(4.9) Stealth


You had 2 spell levels left.
You didn't know any spells.
Your spell library was empty.

Dungeon Overview and Level Annotations

Branches:
Dungeon (6/15)
 Temple: D:4-7

Altars:
Ashenzari
Elyvilon


Innate Abilities, Weirdness & Mutations

You have sharp fingernails.
When hurt, damage is shared between your health and your magic reserves.


Message History

You hit the ufetubus.
The ufetubus is moderately wounded.
The ufetubus hits you but does no damage.
The ufetubus closely misses you.
Unknown command.
You hit the ufetubus.
You kill the ufetubus!
You have reached level 3!
Your experience leads to an increase in your attributes!
Increase (S)trength, (I)ntelligence, or (D)exterity?
You feel stronger.
Your demonic ancestry asserts itself...
Your fingernails lengthen.
You hit the wight but do no damage.
The wight hits you with a cursed +3 great sword of freezing.
* * * LOW HITPOINT WARNING * * *
You feel drained. The wight freezes you.
* * * LOW HITPOINT WARNING * * *
You hit the wight but do no damage.
The wight hits you with a cursed +3 great sword of freezing!
You die...

*****,^,,,..**,..#.....* **....#.
**,,,,*,,,,.##,.....##.*###.#..zz
,,,,,,*,,.,,..,#..#.##.##.O.*....
,,,,,,,,,..,#..#.##.#*....##*....
,,,,,,,,,...#..#l#..###....##....
,,,,,,,,,......#.#.#.z..##.#..#..
,,,,,,,,,..#.......#...z.....#...
*,,,,,,,,.....#.......#####..#..#
*****,,,,.......@z....#** ##.....
*,,,,....?..........# #...##
***,,,.............#.#* #..##
*,,,,,.............#..###..##
**,,,,,>.....................##
**,,,,,,.............##......†..
*,,,*,,,.............####...####
*,<,**,,............## #...# #
******,,,,,,,*,,,,,** #...# #


You could see an iguana and 3 wights.

Vanquished Creatures
  A worker ant (D:6)
  An ufetubus (D:6)
2 creatures vanquished.

Notes
Turn   | Place    | Note
-------+----------+-------------------------------------------
     0 | D:5      | brujo666 the Demonspawn Delver began the quest for the Orb.
     0 | D:5      | Reached XP level 1. HP: 18/18 MP: 1/1
    30 | D:6      | Noticed a worker ant
    44 | D:6      | Killed a worker ant
    44 | D:6      | Reached skill level 5 in Stealth
    44 | D:6      | Gained mutation: When hurt, damage is shared between your
                  | health and your magic reserves. [demonic ancestry]
    44 | D:6      | Reached XP level 2. HP: 18/24 MP: 2/2
    50 | D:6      | Noticed a wight
    51 | D:6      | Noticed a wight
    52 | D:6      | Noticed a wight
    52 | D:6      | Noticed a wight
    56 | D:6      | Noticed a scorpion
    57 | D:6      | Noticed an ogre
    62 | D:6      | Noticed an ogre
    62 | D:6      | Noticed a scorpion
    69 | D:6      | Gained mutation: You have sharp fingernails. [demonic
                  | ancestry]
    69 | D:6      | Reached XP level 3. HP: 5/29 MP: 1/3
    70 | D:6      | HP: 1/29 [wight/cursed +3 great sword of freezing (1)]
    71 | D:6      | Mangled by a wight

Illustrated notes

Levels and vault maps discovered:
D:5:      layout_basic, nicolae_overflow_hidden_temple
D:6:      layout_rooms, uniq_sigmund, uniq_blork_the_orc

Skill      XL: |  1 |
---------------+----+-----
Stealth        | 5 |  5.2
Fighting       | |  3.2
Long Blades    | |  1.9
Dodging        | |  1.8

Action                   || total
-------------------------++-------
Melee: Falchion          ||    13
  Use: Scroll            ||     2
Armor: Leather armour    ||     4
Dodge: Dodged            ||    19
       Rpst.: Falchion   ||     5

Table legend: (Time is in decaauts)
 A = Elapsed time spent in this place.
 B = Non-inter-level travel time spent in this place.
 C = Inter-level travel time spent in this place.
 D = Time resting spent in this place.
 E = Time spent auto-exploring this place.
 F = Levels seen in this place.
 G = Mean time per level.
                   A        B        C        D        E       F      G
               +--------+--------+--------+--------+--------+-----+--------+
         Total |     73 |     73 |      0 |      0 |      0 |   2 |   36.5 |
       Dungeon |     73 |     73 |      0 |      0 |      0 |   2 |   36.5 |
               +--------+--------+--------+--------+--------+-----+--------+

Top non-repeatable levels by time:
     D:6: 46 daAuts
     D:5: 27 daAuts
